 Dungeon Crawl Stone Soup version 0.23.2-1-ga50397a (webtiles) character file.

Game seed: 14250158234056587384

10462 Fang the Fighter (level 11, -7/73 HPs)
             Began as a Gargoyle Berserker on Apr 24, 2019.
             Was a High Priest of Trog.
             Killed by divine providence
             ... invoked by an orc priest
              (9 damage)
             ... on level 11 of the Dungeon.
             The game lasted 00:13:03 (10297 turns).

Fang the Fighter (Gargoyle Berserker)              Turns: 10297, Time: 00:13:03

Health: -7/73      AC: 27    Str: 24    XL:     11   Next: 62%
Magic:  0/11       EV: 15    Int:  8    God:    Trog [*****.]
Gold:   755        SH:  0    Dex:  9    Spells: 10/10 levels left

rFire    . . .     SeeInvis +   a - +2 war axe
rCold    . . .     Gourm    .   (no shield)
rNeg     + . .     Faith    .   b - +1 plate armour
rPois    ∞         Spirit   +   (no helmet)
rElec    +         Reflect  .   B - scarf {Spirit}
rCorr    .         Harm     .   w - +2 pair of gloves
MR       .....                  (no boots)
Stlth    ..........             (no amulet)
HPRegen  0.22/turn              e - ring of see invisible
MPRegen  0.12/turn              D - +5 ring of evasion

@: about to teleport, berserk cooldown, slowed, very slow
A: negative energy resistance 1, electricity resistance, unbreathing,
petrification resistance, rot immunity, AC +8
a: Berserk, Trog's Hand, Brothers in Arms, Renounce Religion


You were on level 11 of the Dungeon.
You worshipped Trog.
Trog was extremely pleased with you.
You were very hungry.

You visited 2 branches of the dungeon, and saw 12 of its levels.

You collected 755 gold pieces.

Inventory:

Hand Weapons
 a - a +2 war axe (weapon)
Armour
 b - a +1 plate armour (worn)
 w - a +2 pair of gloves (worn)
 B - a scarf of spirit shield (worn)
Jewellery
 e - a ring of see invisible (left hand)
 D - a +5 ring of evasion (right hand)
 E - a cursed ring of attention {unknown}
Wands
 g - a wand of flame (33)
 h - a wand of iceblast (16)
 o - a wand of random effects (20)
 q - a wand of disintegration (25)
 s - a wand of digging (5)
 t - a wand of scattershot (6)
 y - a wand of enslavement (5)
 C - a wand of acid (6)
Scrolls
 d - 4 scrolls of remove curse
 i - 11 scrolls of identify
 n - 2 scrolls of teleportation
 r - a scroll of fog
 u - a scroll of fear
 v - a scroll of magic mapping
Potions
 j - a potion of mutation
 k - a potion of flight
 l - 2 potions of heal wounds
 m - 8 potions of curing
 p - 2 potions of magic
 x - a potion of haste
 z - 2 potions of cancellation {unknown}
 A - 4 potions of brilliance
Comestibles
 c - 19 rations
 f - 2 chunks of flesh


   Skills:
 + Level 10.4 Fighting
 + Level 8.8 Axes
 + Level 10.1 Armour
 + Level 7.8 Dodging


You had 10 spell levels left.
You didn't know any spells.
Your spell library was empty.

Dungeon Overview and Level Annotations

Branches:
Dungeon (11/15)            Temple (1/1) D:5
   Lair: D:8-11         Orc: D:9-12

Altars:
Ashenzari
Cheibriados
Dithmenos
Elyvilon
Hepliaklqana
Kikubaaqudgha
Makhleb
Okawaru
Qazlal
Trog
Wu Jian
Xom
The Shining One

Shops:
D:4 *   D:9 ?

Annotations:
D:11 Fannar


Innate Abilities, Weirdness & Mutations

You are resistant to torment.
Your stone body is resilient. (AC +8)
You are immune to poison.
You resist negative energy. (rN+)
You are resistant to electric shocks. (rElec)
You can survive without breathing.
You are immune to petrification.
You are immune to rotting.


Message History

Beogh smites you!
* * * LOW HITPOINT WARNING * * *
The killer bee stings you but does no damage.
The orc priest looks satisfied for a moment.
The orc warrior hits you but does no damage.
The killer bee misses you.
As you read the scroll of teleportation, it crumbles to dust.
You feel strangely unstable. The killer bee misses you.
The killer bee stings you but does no damage.
The bullfrog hits you but does no damage.
The hound closely misses you. The hound misses you.
The killer bee barely misses you. The killer bee closely misses you.
The hound barely misses you.
The bullfrog hits you but does no damage.
The hound misses you.
The orc priest calls upon Beogh to heal the orc priest.
The orc priest's wounds heal themselves!
The orc priest calls down the wrath of Beogh upon you.
Beogh smites you!
You die...

#####.....#........#
#.....#........#
#.....#........#
#...###..#######
#....÷.........#
..#..............#
......r.ooo.......#
......o.oFo.......#
#...#####yh@########
#...#..[loyyh5....[
### #..(.WoY.......
#..†...e.......
#..)%..........
#....).........
#..............
#....##########
......)


You could see Fannar, an orc warrior, an ice beast, a shadow (invisible), a
bullfrog, an iguana, 2 hounds, 3 killer bees, 5 orc priests, an orc wizard, a
crimson imp, an orc and a quokka.

Vanquished Creatures
  2 two-headed ogres (D:10)
  The ghost of MetaMaster22 the Cutter, a novice TrAs of Makhleb (D:6)
  The ghost of wyoknott the Skirmisher, a novice MiFi of Fedhas (D:6)
  A troll (D:8)
  Grinder (D:6)
  2 hippogriffs
  Sigmund (D:6)
  A wyvern (D:10)
  Grum (D:10)
  5 yaks (D:9)
  2 hungry ghosts
  An acid dragon (D:11)
  Edmund (D:6)
  7 orc warriors
  5 black bears
  3 necrophages
  2 eyes of draining
  2 sky beasts
  An ogre (D:8)
  4 wolves (D:10)
  3 centaurs
  A big kobold (D:7)
  Blork the orc (D:6)
  8 bullfrogs
  A water moccasin zombie (D:8)
  7 killer bees (D:10)
  A water moccasin skeleton (D:8)
  7 scorpions
  A wight (D:6)
  5 jellies
  A howler monkey (D:4)
  2 crimson imps
  A bullfrog zombie (D:7)
  A centaur zombie (D:8)
  7 hounds
  7 orc priests
  4 centaur skeletons
  7 orc wizards
  A bullfrog skeleton (D:4)
  4 iguanas
  Natasha (thrice) (D:3)
  8 worker ants
  A killer bee zombie (D:6)
  A hound skeleton (D:10)
  A howler monkey zombie (D:6)
  A howler monkey skeleton (D:4)
  12 adders
  11 gnolls
  3 shadow imps
  2 oozes (D:1)
  An adder skeleton (D:6)
  A worm (D:2)
  A dart slug (D:3)
  A leopard gecko (D:3)
  47 orcs
  A giant cockroach (D:1)
  9 hobgoblins
  11 jackals
  12 kobolds
  4 quokkas
  8 bats
  5 frilled lizards
  5 goblins
  A leopard gecko zombie (D:8)
  A quokka zombie (D:10)
  8 rats
273 creatures vanquished.

Vanquished Creatures (others)
  5 withered plants (D:6)
5 creatures vanquished.

Grand Total: 278 creatures vanquished

Notes
Turn   | Place    | Note
-------+----------+-------------------------------------------
     0 | D:1      | Fang the Gargoyle Berserker began the quest for the Orb.
     0 | D:1      | Reached XP level 1. HP: 14/14 MP: 1/1
   132 | D:1      | Reached XP level 2. HP: 11/19 MP: 2/2
   504 | D:1      | Reached XP level 3. HP: 23/23 MP: 3/3
  1280 | D:2      | Reached ** piety under Trog
  1584 | D:3      | Reached XP level 4. HP: 29/29 MP: 4/4
  1650 | D:3      | Noticed Natasha
  1656 | D:3      | Killed Natasha
  2110 | D:3      | Reached XP level 5. HP: 31/33 MP: 5/5
  2689 | D:3      | Found an iron altar of Okawaru.
  2756 | D:3      | Noticed Natasha
  2764 | D:3      | Killed Natasha
  2905 | D:3      | Noticed Natasha
  2923 | D:3      | Killed Natasha
  2923 | D:3      | Reached XP level 6. HP: 29/39 MP: 6/6
  2988 | D:4      | Reached *** piety under Trog
  3404 | D:4      | Reached skill level 5 in Fighting
  3528 | D:4      | Reached XP level 7. HP: 41/44 MP: 7/7
  3530 | D:4      | Found Qaew's General Store.
  3546 | D:4      | Found an ancient bone altar of Kikubaaqudgha.
  3812 | D:5      | Entered Level 5 of the Dungeon
  4131 | D:5      | Found a shadowy altar of Dithmenos.
  4459 | D:5      | Found a snail-covered altar of Cheibriados.
  4479 | D:5      | Received a gift from Trog
  4726 | D:5      | Reached skill level 5 in Armour
  4755 | D:5      | Reached XP level 8. HP: 40/51 MP: 1/8
  4898 | D:5      | Found a staircase to the Ecumenical Temple.
  5016 | Temple   | Entered the Ecumenical Temple
  5264 | D:6      | Noticed Sigmund
  5264 | D:6      | Noticed Blork the orc
  5381 | D:6      | Reached skill level 5 in Axes
  5385 | D:6      | Killed Blork the orc
  5393 | D:6      | Killed Sigmund
  5619 | D:6      | Found a runed translucent gate.
  5626 | D:6      | Found a runed translucent gate.
  5627 | D:6      | Found a runed translucent gate.
  5628 | D:6      | Noticed MetaMaster22's ghost (novice TrAs)
  5628 | D:6      | Noticed wyoknott's ghost (novice MiFi)
  6044 | D:6      | Noticed Edmund
  6061 | D:6      | Killed Edmund
  6074 | D:6      | Reached XP level 9. HP: 56/56 MP: 9/9
  6079 | D:6      | Noticed Grinder
  6106 | D:6      | Killed Grinder
  6106 | D:6      | Reached skill level 5 in Dodging
  6699 | D:6      | Killed wyoknott's ghost
  6705 | D:6      | Killed MetaMaster22's ghost
  6907 | D:7      | Reached XP level 10. HP: 62/64 MP: 8/10
  7150 | D:7      | Reached **** piety under Trog
  7828 | D:8      | Found a white marble altar of Elyvilon.
  8529 | D:9      | Found Fuczui's Magic Scroll Boutique.
  9022 | D:9      | Reached XP level 11. HP: 70/71 MP: 11/11
  9033 | D:9      | Reached ***** piety under Trog
  9317 | D:10     | Entered Level 10 of the Dungeon
  9632 | D:10     | Received a gift from Trog
  9643 | D:10     | Noticed Grum
  9643 | D:10     | Noticed a two-headed ogre
  9644 | D:10     | Noticed a two-headed ogre
  9654 | D:10     | Killed a two-headed ogre
  9658 | D:10     | Reached skill level 10 in Fighting
  9660 | D:10     | Killed a two-headed ogre
  9670 | D:10     | Reached skill level 10 in Armour
  9695 | D:10     | Killed Grum
 10288 | D:11     | Noticed Fannar
 10296 | D:11     | HP: 2/73 [orc priest/divine providence (12)]
 10297 | D:11     | Killed from afar by an orc priest

Skill      XL: |  1  2  3  4  5  6  7  8  9 10 11 |
---------------+----------------------------------+-----
Axes           | 3 4 5 6 8 |  8.8
Dodging        | 2 3 4 6 7 |  7.8
Fighting       | 4 5 6 8 9 10 | 10.4
Armour         | 3 4 5 6 7 9 10 | 10.1

Action                   |  1- 3 |  4- 6 |  7- 9 | 10-12 || total
-------------------------+-------+-------+-------+-------++-------
Melee: Hand axe          |    94 |   105 |       |       ||   199
       War axe           |       |    97 |   295 |   458 ||   850
Invok: Berserk           |       |     2 |     4 |     3 ||     9
       Trog's Hand       |       |       |     1 |       ||     1
  Use: Scroll            |       |       |    20 |     5 ||    25
 Stab: Sleeping          |     1 |       |       |       ||     1
  Eat: Chunk             |     2 |     9 |    10 |    14 ||    35
       Ration            |       |       |     1 |     1 ||     2
Armor: Animal skin       |    28 |       |       |       ||    28
       Chain mail        |     8 |   174 |   106 |       ||   288
       Plate armour      |       |       |   119 |   350 ||   469
Dodge: Dodged            |    60 |   122 |   229 |   607 ||  1018
